cohdb
Replays
Latest Replays
All Replays
Popular Replays
Top Player Replays
Match Explorer
How It Works
Community
CoH3 Stats
Reddit
Sign in to upload your games and track your stats! →
Sign in with Steam
Match 43024250
Unlisted
Match 43024250
Overview
Messages
Build Orders
End
Construct Infanterie Kompanie
Grenadier Squad
Selects Breakthrough Battlegroup
Selects Breakthrough Battlegroup
Selects Breakthrough Battlegroup
Selects Assault Grenadiers
MG 42 Machine Gun Team
GrW 34 Mortar Team
Grenadier Squad
Construct Panzergrenadier Kompanie
Selects Rapid Production
251 Medium Carrier
Pak 40 Anti-tank Gun Team
Selects Smoke Bombing Run
Smoke Bombing Run
Panzergrenadier Squad
Selects Incendiary Bombing Run
Panzergrenadier Officer Quarters
Support Elements
StuG III G Assault Gun
Incendiary Bombing Run
Pioneer Squad
Construct Luftwaffe Kompanie
Side Skirts
Incendiary Bombing Run
Selects Blitzkrieg
Construct Luftwaffe Kompanie
水银灯
仙台葉月@宮城のけち
HelpingHans
Lancyin
stalker
Rechter Winkel
szwed
jhc0928d
0
0
Comments
sign in to comment!
No comments posted yet!